Map: Dusk Towers

Players

울산광역시 - Winner!

  • Race: Terran Terran
  • League: Diamond

ILLBdA

  • Race: Protoss Protoss
  • League: Diamond

VOD

Have the link to the VOD?

Description

Time

  • Played on: Dec. 27, 2015, 1:21 p.m.
  • Length: 11:57
Show
View Real Time Build Order
Export as new Build Order

울산광역시 Terran - Winner!

Build Orders: 1/1/1, Liberator Opening, Bio Tank 

Get SALT Encoding   

  12  0:00  SCV  
  13  0:13  SCV  
  14  0:17  Supply Depot  
  14  0:25  SCV  
  15  0:29  Refinery  
  15  0:39  SCV  
  16  0:48  Barracks  
  16  0:51  SCV  
  17  1:03  SCV  
  18  1:12  Refinery  
  18  1:15  SCV  
  19  1:36  Orbital Command  
  19  1:37  Factory  
  19  1:47  Supply Depot  
  19  1:53  Marine  
  20  2:02  SCV  
  20  2:12  Marine  
  20  2:14  SCV  
  22  2:21  Starport, Widow Mine  
  24  2:26  SCV  
  25  2:30  Marine  
  25  2:31  Supply Depot  
  26  2:38  SCV  
  27  2:44  Engineering Bay  
  27  2:50  SCV  
  28  2:52  Widow Mine  
  28  2:54  Marine  
  28  2:58  Medivac  
  33  3:08  SCV  
  34  3:13  Missile Turret  
  34  3:16  Barracks Tech Lab  
  34  3:20  SCV  
  34  3:24  Factory Tech Lab  
  35  3:28  Starport Reactor  
  35  3:32  SCV  
  36  3:34  Supply Depot  
  36  3:35  Marine  
  37  3:42  Stimpack  
  37  3:44  SCV  
  37  3:59  Liberator  
  37  4:00  Command Center  
  35  4:15  Siege Tank  
  37  4:37  Barracks  
  37  4:39  Supply Depot  
  37  4:42  Missile Turret  
  37  4:48  Siege Tank  
  36  4:56  Medivac  
  38  5:02  Barracks  
  38  5:04  Supply Depot  
  38  5:11  Orbital Command  
  38  5:18  Medivac  
  38  5:19  Marine  
  38  5:21  SCV  
  42  5:30  Supply Depot  
  42  5:33  SCV  
  43  5:40  Marine  
  43  5:41  Marine  
  45  5:43  SCV  
  45  5:45  SCV  
  47  5:54  Refinery  
  47  5:55  SCV  
  47  5:56  Barracks Reactor, Refinery  
  45  5:58  Marine  
  47  6:07  SCV x2  
  48  6:11  Siege Tank  
  48  6:13  Starport Reactor  
  51  6:19  Marine  
  51  6:20  SCV  
  53  6:28  SCV  
  53  6:32  Terran Infantry Armor Level 1, SCV  
  55  6:34  Command Center  
  55  6:35  Combat Shields, Marine  
  55  6:39  Marine  
  57  6:42  Supply Depot  
  57  6:44  SCV x2  
  59  6:48  Missile Turret  
  59  6:53  Marine  
  60  6:54  Medivac  
  60  6:56  SCV, Marine  
  60  6:59  Marine  
  60  7:00  Marine  
  66  7:03  SCV  
  66  7:05  Marine  
  66  7:08  SCV  
  69  7:11  Marine  
  69  7:12  Siege Tank  
  69  7:14  Liberator  
  69  7:15  SCV  
  74  7:20  SCV  
  75  7:27  SCV  
  76  7:30  Medivac, Marine  
  76  7:32  SCV  
  76  7:35  Supply Depot  
  83  7:38  Marine  
  83  7:40  SCV  
  83  7:44  SCV, Engineering Bay  
  85  7:51  Barracks, Marine  
  87  7:53  Marine  
  87  7:54  Marine  
  87  7:56  SCV  
  90  8:05  Liberator x2  
  74  8:21  Marine x2  
  81  8:33  Marine x3  
  75  8:34  Siege Tank  
  75  8:37  Orbital Command  
  75  8:38  SCV, Marine  
  75  8:39  SCV, Marine  
  82  8:46  Marine  
  78  8:51  Marine x3  
  78  8:52  Supply Depot x2  
  81  8:56  Marine x2  
  81  8:57  Barracks  
  81  9:00  Barracks  
  83  9:03  SCV  
  83  9:06  Siege Tank  
  87  9:14  Marine x2  
  87  9:15  SCV, Medivac x2  
  95  9:17  SCV x2  
  95  9:20  Terran Infantry Weapons Level 1  
  95  9:24  Armory, Supply Depot  
  96  9:25  Barracks Reactor  
  96  9:28  Liberator  
  96  9:29  SCV x2  
  96  9:30  Marine  
  96  9:31  Marine x2  
  100  9:32  Marine  
  100  9:36  Marine  
  103  9:38  Siege Tank  
  103  9:39  SCV  
  103  9:43  Marine  
  103  9:45  Refinery  
  108  9:48  Marine  
  108  9:50  Supply Depot, Liberator  
  108  9:51  SCV  
  112  9:53  Marine x2  
  114  10:06  Marine x2  
  108  10:10  Siege Tank  
  108  10:12  SCV  
  108  10:14  Refinery  
  113  10:17  Marine  
  114  10:22  Marine x2  
  114  10:23  Marine  
  114  10:24  Marine  
  118  10:33  Starport  
  118  10:34  Supply Depot, Liberator  
  118  10:35  SCV, Supply Depot  
  119  10:36  Marine x2  
  119  10:37  Marine x2  
  119  10:41  Marine x2  
  125  10:43  Siege Tank  
  125  10:47  SCV  
  125  10:48  SCV, Marine  
  125  10:49  Marine  
  135  11:05  Command Center  
  135  11:06  Marine x2  
  137  11:15  Siege Tank  
Show
View Real Time Build Order
Export as new Build Order

ILLBdA Protoss 

Build Orders: Oracle Opening 

Get SALT Encoding   

  12  0:02  Probe (Chrono Boost)  
  13  0:12  Probe (Chrono Boost)  
  14  0:18  Pylon  
  14  0:23  Probe (Chrono Boost)  
  15  0:37  Probe (Chrono Boost), Gateway  
  16  0:47  Probe (Chrono Boost)  
  16  0:48  Assimilator  
  17  0:53  Assimilator  
  17  0:58  Probe (Chrono Boost)  
  18  1:08  Probe (Chrono Boost)  
  19  1:19  Probe (Chrono Boost)  
  20  1:27  Cybernetics Core  
  20  1:29  Probe (Chrono Boost)  
  21  1:49  Nexus  
  21  1:52  Pylon  
  21  1:59  Probe (Chrono Boost)  
  22  2:06  Warp Gate  
  22  2:10  Stalker  
  24  2:25  Mothership Core (Chrono Boost)  
  26  2:30  Gateway  
  26  2:33  Gateway  
  26  2:43  Probe (Chrono Boost)  
  27  2:54  Probe (Chrono Boost)  
  28  2:59  Forge  
  28  3:04  Probe (Chrono Boost)  
  29  3:10  Stalker, Stargate  
  31  3:14  Probe (Chrono Boost)  
  31  3:15  Probe (Chrono Boost)  
  33  3:24  Adept  
  33  3:25  Probe (Chrono Boost), Adept  
  38  3:28  Probe (Chrono Boost)  
  39  3:39  Photon Cannon  
  39  3:40  Probe (Chrono Boost)  
  40  3:53  Oracle (Chrono Boost)  
  43  3:59  Probe  
  44  4:05  Probe, Pylon  
  44  4:08  Assimilator  
  44  4:09  Probe  
  45  4:10  Assimilator  
  42  4:20  Stalker  
  44  4:25  Phoenix (Chrono Boost)  
  44  4:26  Probe  
  44  4:30  Probe  
  47  4:37  Probe  
  47  4:44  Pylon, Oracle (Chrono Boost)  
  48  4:49  Protoss Ground Armor Level 1 (Chrono Boost)  
  51  4:52  Probe  
  51  4:55  Probe  
  53  5:10  Probe  
  54  5:14  Pylon  
  54  5:16  Oracle  
  54  5:20  Probe (Chrono Boost)  
  58  5:26  Probe (Chrono Boost)  
  59  5:34  Probe (Chrono Boost)  
  60  5:36  Photon Cannon  
  60  5:39  Probe (Chrono Boost)  
  56  5:55  Oracle (Chrono Boost)  
  55  5:59  Twilight Council  
  55  6:02  Probe  
  56  6:05  Stalker  
  56  6:06  Stalker x2  
  62  6:16  Probe  
  63  6:30  Probe  
  63  6:31  Probe  
  65  6:35  Pylon  
  65  6:39  Blink (Chrono Boost)  
  65  6:40  Nexus  
  65  6:42  Protoss Ground Armor Level 2  
  65  6:52  Stalker x2  
  69  7:12  Stalker, Pylon  
  71  7:20  Stalker x2  
  75  7:24  Probe x2  
  77  7:36  Stalker, Probe  
  80  7:49  Gateway  
  80  7:50  Gateway  
  80  7:51  Gateway  
  80  7:56  Stalker  
  82  8:01  Probe x2  
  80  8:10  Stalker x2  
  75  8:19  Oracle  
  66  8:48  Stalker x2  
  66  8:49  Stalker  
  66  8:52  Probe  
  66  8:55  Probe, Oracle  
  77  9:00  Probe  
  78  9:03  Stalker  
  78  9:04  Stalker x2  
  84  9:10  Probe  
  84  9:13  Probe, Assimilator  
  84  9:15  Assimilator  
  84  9:16  Stalker x2  
  84  9:17  Stalker  
  92  9:27  Robotics Facility  
  92  9:30  Probe, Oracle (Chrono Boost)  
  92  9:31  Probe x2, Pylon  
  98  9:44  Stalker  
  100  9:47  Pylon  
  100  9:59  Stalker x3  
  106  10:00  Stalker  
  106  10:06  Oracle (Chrono Boost)  
  111  10:10  Probe  
  112  10:21  Photon Cannon  
  112  10:24  Photon Cannon  
  112  10:32  Probe  
  113  10:38  Pylon, Robotics Bay  
  113  10:45  Observer  
  113  10:47  Probe  
  113  10:48  Probe x2  
  117  10:59  Gateway  
  117  11:00  Gateway  
  117  11:01  Gateway  
  117  11:28  Stalker x2  
  117  11:31  Pylon  
Tags
 
Add a new tag
Caveats
  • Supply blocks, unpowered buildings, or Contaminate may cause inaccurate times.
  • Supply counts are checked every 10 seconds.